MID
LEXINGTON LEGENDS @ DELMARVA SHOREBIRDS
07/01/2044
 
TOP OF THE 1ST
Lexington Legends batting - Pitching for Delmarva Shorebirds : RHP Jose Rico
Pitching: RHP Jose Rico
Batting: SHB Jared O'Connor 0-0: Ball
1-0: Ball
2-0: Foul Ball, location: 2F
2-1: Foul Ball, location: 2F
2-2: Ball
3-2: Foul Ball, location: 2F
3-2: Foul Ball, location: 2F
3-2: Base on Balls
Batting: SHB Jason Anaya 0-0: Ball
1-0: Ball
2-0: Foul Ball, location: 2F
2-1: Foul Ball, location: 2F
2-2: Foul Ball, location: 2F
2-2: Strikes out swinging
Batting: LHB Ho-win Zhou 0-0: Ball
1-0: Called Strike
1-1: Called Strike
1-2: Ball
2-2: Foul Ball, location: 2F
2-2: Grounds into double play, 3-6-3 (Groundball, 3, EV 101.9 MPH)
Top of the 1st over - 0 runs, 0 hits, 0 errors, 0 left on base; Lexington 0 - Delmarva 0
BOTTOM OF THE 1ST
Delmarva Shorebirds batting - Pitching for Lexington Legends : RHP Terry Romaine
Pitching: RHP Terry Romaine
Batting: LHB Andrew Erens 0-0: Ball
1-0: Ground out U3 (Groundball, 3S, EV 65.0 MPH)
Batting: SHB Ryan Palermo 0-0: Ball
1-0: Called Strike
1-1: Fly out, F9 (Flyball, 9LS, EV 88.8 MPH)
Batting: LHB Pat Shaddock 0-0: Ball
1-0: Swinging Strike
1-1: SINGLE (Line Drive, 78S, EV 111.2 MPH)
Batting: LHB Raul Rojas 0-0: Ball
Pat Shaddock steals 2nd base
1-0: Called Strike
1-1: Foul Ball, location: 2F
1-2: Ball
2-2: Strikes out looking
Bottom of the 1st over - 0 runs, 1 hit, 0 errors, 1 left on base; Lexington 0 - Delmarva 0
TOP OF THE 2ND
Lexington Legends batting - Pitching for Delmarva Shorebirds : RHP Jose Rico
Batting: RHB Kevin Roseen 0-0: Ball
1-0: Ground out 5-3 (Groundball, 56, EV 86.9 MPH)
Batting: RHB Alex Cid 0-0: Fly out, F4 (Flyball, 34D, EV 78.1 MPH)
Batting: RHB Josh Martin 0-0: Called Strike
0-1: Ball
1-1: Ball
2-1: Called Strike
2-2: Ball
3-2: Foul Ball, location: 2F
3-2: Foul Ball, location: 2F
3-2: Strikes out swinging
Top of the 2nd over - 0 runs, 0 hits, 0 errors, 0 left on base; Lexington 0 - Delmarva 0
BOTTOM OF THE 2ND
Delmarva Shorebirds batting - Pitching for Lexington Legends : RHP Terry Romaine
Batting: RHB Francisco Viera 0-0: Ball
1-0: Ball
2-0: Called Strike
2-1: Ball
3-1: Swinging Strike
3-2: Ground out 6-3 (Groundball, 6, EV 93.8 MPH)
Batting: RHB Dan Staggs 0-0: Ball
1-0: Ball
2-0: Single, Error in OF, E7, batter to second base (Groundball, 56D, EV 104.4 MPH)
Batting: RHB Jordan Wallace 0-0: Ball
1-0: Swinging Strike
1-1: Swinging Strike
1-2: Strikes out swinging
Batting: LHB Momoru Yasui 0-0: Called Strike
0-1: Ball
Wild Pitch!
Dan Staggs to third
1-1: Ball
2-1: Swinging Strike
2-2: Ball
3-2: Base on Balls
Batting: RHB Julio Ehm 0-0: Ball
1-0: Ball
2-0: Called Strike
2-1: Ball
3-1: Base on Balls
Momoru Yasui to second
Batting: LHB Andrew Erens 0-0: Ball
1-0: Reached on error, E4 (Groundball, 4, EV 103.1 MPH)
Dan Staggs scores
Momoru Yasui to third
Julio Ehm to second
Batting: SHB Ryan Palermo 0-0: Called Strike
0-1: Foul Ball, location: 2F
0-2: Foul Ball, location: 2F
0-2: Foul Ball, location: 2F
0-2: Hit by Pitch
Momoru Yasui scores
Julio Ehm to third
Andrew Erens to second
Batting: LHB Pat Shaddock 0-0: Fly out, F7 (Line Drive, 7, EV 92.5 MPH)
Bottom of the 2nd over - 2 runs, 1 hit, 2 errors, 3 left on base; Lexington 0 - Delmarva 2
TOP OF THE 3RD
Lexington Legends batting - Pitching for Delmarva Shorebirds : RHP Jose Rico
Batting: LHB Josh Moore 0-0: Ball
1-0: Ball
2-0: Foul Ball, location: 2F
2-1: Ball
3-1: Foul Ball, location: 2F
3-2: Strikes out looking
Batting: RHB Andy Urquhart 0-0: Ball
1-0: Fly out, F7 (Flyball, 7LS, EV 93.1 MPH)
Batting: RHB Matt Tittle 0-0: Ball
1-0: Foul Ball, location: 2F
1-1: Ball
2-1: Foul Ball, location: 2F
2-2: Foul Ball, location: 2F
2-2: DOUBLE (Line Drive, 9LM, EV 109.4 MPH)
Batting: SHB Jared O'Connor 0-0: Foul Ball, location: 2F
0-1: Foul Ball, location: 2F
0-2: Ball
1-2: Foul Ball, location: 2F
1-2: Fly out, F7 (Line Drive, 7, EV 96.9 MPH)
Top of the 3rd over - 0 runs, 1 hit, 0 errors, 1 left on base; Lexington 0 - Delmarva 2
BOTTOM OF THE 3RD
Delmarva Shorebirds batting - Pitching for Lexington Legends : RHP Terry Romaine
Batting: LHB Raul Rojas 0-0: Ball
1-0: Swinging Strike
1-1: Ground out U3 (Groundball, 3, EV 82.5 MPH)
Batting: RHB Francisco Viera 0-0: Ball
1-0: Called Strike
1-1: Ball
2-1: SINGLE (Groundball, 6D, EV 100.0 MPH)
Batting: RHB Dan Staggs 0-0: Ball
Francisco Viera steals 2nd base
1-0: Ball
2-0: Ball
3-0: Called Strike
3-1: Base on Balls
Batting: RHB Jordan Wallace 0-0: Ball
1-0: SINGLE (Flyball, 5D, EV 96.9 MPH)
Francisco Viera to third
Dan Staggs to second
Batting: LHB Momoru Yasui 0-0: Called Strike
0-1: Swinging Strike
0-2: Hit by Pitch
Francisco Viera scores
Dan Staggs to third
Jordan Wallace to second
Batting: RHB Julio Ehm 0-0: Ball
1-0: Ball
2-0: Foul Ball, location: 2F
2-1: Called Strike
2-2: Fly out, F9 (Flyball, 9, EV 96.9 MPH)
Runner from 3rd tags up, SCORES, throw by RF
Pitching: LHP Joel Page
Batting: LHB Andrew Erens 0-0: Fly out, F7 (Flyball, 7LM, EV 90.6 MPH)
Bottom of the 3rd over - 2 runs, 2 hits, 0 errors, 2 left on base; Lexington 0 - Delmarva 4
TOP OF THE 4TH
Lexington Legends batting - Pitching for Delmarva Shorebirds : RHP Jose Rico
Batting: SHB Jason Anaya 0-0: Called Strike
0-1: Called Strike
0-2: Foul Ball, location: 2F
0-2: Ball
1-2: Ball
2-2: Strikes out swinging, 2-3 out at first.
Batting: LHB Ho-win Zhou 0-0: Ground out 6-3 (Groundball, 4S, EV 93.1 MPH)
Batting: RHB Kevin Roseen 0-0: Ball
1-0: Called Strike
1-1: Ball
2-1: Ball
3-1: Foul Ball, location: 2F
3-2: Ground out 4-3 (Groundball, 4, EV 87.5 MPH)
Top of the 4th over - 0 runs, 0 hits, 0 errors, 0 left on base; Lexington 0 - Delmarva 4
BOTTOM OF THE 4TH
Delmarva Shorebirds batting - Pitching for Lexington Legends : LHP Joel Page
Batting: SHB Ryan Palermo 0-0: Called Strike
0-1: Called Strike
0-2: Ball
1-2: Strikes out swinging
Batting: LHB Pat Shaddock 0-0: Called Strike
0-1: Called Strike
0-2: Ball
1-2: Foul Ball, location: 2F
1-2: Strikes out swinging
Batting: LHB Raul Rojas 0-0: Fly out, F6 (Popup, 6D, EV 49.4 MPH)
Bottom of the 4th over - 0 runs, 0 hits, 0 errors, 0 left on base; Lexington 0 - Delmarva 4
TOP OF THE 5TH
Lexington Legends batting - Pitching for Delmarva Shorebirds : RHP Jose Rico
Batting: RHB Alex Cid 0-0: Foul Ball, location: 2F
0-1: Foul Ball, location: 2F
0-2: Ball
1-2: Ball
2-2: Ball
3-2: Fly out, F8 (Flyball, 89D, EV 96.9 MPH)
Batting: RHB Josh Martin 0-0: Ball
1-0: Fly out, F8 (Flyball, 8LS, EV 91.9 MPH)
Batting: LHB Josh Moore 0-0: Foul Ball, location: 2F
0-1: Ball
1-1: Ball
2-1: Swinging Strike
2-2: Ball
3-2: Foul Ball, location: 2F
3-2: Strikes out swinging
Top of the 5th over - 0 runs, 0 hits, 0 errors, 0 left on base; Lexington 0 - Delmarva 4
BOTTOM OF THE 5TH
Delmarva Shorebirds batting - Pitching for Lexington Legends : LHP Joel Page
Batting: RHB Francisco Viera 0-0: Ball
1-0: Called Strike
1-1: Ball
2-1: Ground out U3 (Groundball, 3, EV 111.2 MPH)
Batting: RHB Dan Staggs 0-0: Ball
1-0: Ball
2-0: Foul Ball, location: 2F
2-1: Fly out, F8 (Line Drive, 8RD, EV 98.1 MPH)
Pitching: RHP Alex Sanders
Batting: RHB Jordan Wallace 0-0: Ball
1-0: Ball
2-0: Foul Ball, location: 2F
2-1: DOUBLE (Line Drive, 78D, EV 106.9 MPH)
Batting: LHB Momoru Yasui 0-0: Swinging Strike
0-1: Ball
1-1: Swinging Strike
1-2: Strikes out swinging, 2-3 out at first.
Bottom of the 5th over - 0 runs, 1 hit, 0 errors, 1 left on base; Lexington 0 - Delmarva 4
TOP OF THE 6TH
Lexington Legends batting - Pitching for Delmarva Shorebirds : RHP Jose Rico
Batting: RHB Andy Urquhart 0-0: Ball
1-0: Ball
2-0: DOUBLE (Line Drive, 9LS, EV 113.1 MPH)
Batting: RHB Matt Tittle 0-0: Ball
1-0: Called Strike
1-1: Ground out 6-3 (Groundball, 6S, EV 72.5 MPH)
Andy Urquhart to third
Batting: SHB Jared O'Connor 0-0: Called Strike
0-1: Ball
1-1: Swinging Strike
1-2: Foul Ball, location: 2F
1-2: Foul Ball, location: 2F
1-2: Ball
2-2: Foul Ball, location: 2F
2-2: Ball
3-2: Ground out 5-3 (Groundball, 15, EV 91.2 MPH)
Andy Urquhart scores
Pitching: LHP John Dyer
Batting: SHB Jason Anaya 0-0: Ball
1-0: Foul Ball, location: 2F
1-1: Ball
2-1: Foul Ball, location: 2F
2-2: Ball
3-2: Strikes out swinging
Top of the 6th over - 1 run, 1 hit, 0 errors, 0 left on base; Lexington 1 - Delmarva 4
BOTTOM OF THE 6TH
Delmarva Shorebirds batting - Pitching for Lexington Legends : RHP Alex Sanders
Batting: RHB Julio Ehm 0-0: Called Strike
0-1: Ball
1-1: Swinging Strike
1-2: Ball
2-2: Foul Ball, location: 2F
2-2: Foul Ball, location: 2F
2-2: Ball
3-2: Foul Ball, location: 2F
3-2: Foul Ball, location: 2F
3-2: Base on Balls
Pitching: LHP Anton Erlykov
Batting: LHB Andrew Erens 0-0: Ball
1-0: Swinging Strike
1-1: Ball
2-1: Ball
3-1: Swinging Strike
3-2: Base on Balls
Julio Ehm to second
Batting: SHB Ryan Palermo 0-0: Called Strike
0-1: Foul Ball, location: 2F
0-2: Foul Ball, location: 2F
0-2: Strikes out swinging
Batting: LHB Pat Shaddock 0-0: Ball
1-0: Foul Ball, location: 2F
1-1: Ball
2-1: Called Strike
2-2: Ball
3-2: SINGLE (Groundball, 34D, EV 97.5 MPH)
Julio Ehm to third
Andrew Erens to second
Batting: LHB Raul Rojas 0-0: Called Strike
0-1: Called Strike
0-2: Fielders Choice at 2nd, 3-6 (Groundball, 3, EV 82.5 MPH)
Julio Ehm scores
Andrew Erens to third
Pitching: LHP Ken Milhouse
Batting: RHB Francisco Viera 0-0: Ball
1-0: Called Strike
1-1: 3-RUN HOME RUN (Flyball, 7D, EV 101.9 MPH), Distance : 380 ft
Batting: RHB Dan Staggs 0-0: Called Strike
0-1: Ball
1-1: Called Strike
1-2: Foul Ball, location: 2F
1-2: Foul Ball, location: 2F
1-2: Reached on error, E6 (Groundball, 6, EV 100.6 MPH)
Batting: RHB Jordan Wallace 0-0: Ball
1-0: 2-RUN HOME RUN (Flyball, 78XD, EV 106.9 MPH), Distance : 409 ft
Batting: LHB Momoru Yasui 0-0: Foul Ball, location: 2F
0-1: Foul Ball, location: 2F
0-2: Ground out U3 (Groundball, 34S, EV 85.6 MPH)
Bottom of the 6th over - 6 runs, 3 hits, 1 error, 0 left on base; Lexington 1 - Delmarva 10
TOP OF THE 7TH
Lexington Legends batting - Pitching for Delmarva Shorebirds : LHP John Dyer
Batting: LHB Ho-win Zhou 0-0: Swinging Strike
0-1: Ball
1-1: Called Strike
1-2: Ball
2-2: Ball
3-2: Foul Ball, location: 2F
3-2: Ground out 1-3 (Groundball, 34S, EV 64.4 MPH)
Batting: RHB Kevin Roseen 0-0: Ball
1-0: Ball
2-0: Ball
3-0: Called Strike
3-1: Base on Balls
Batting: RHB Alex Cid 0-0: Ball
1-0: Ball
2-0: Foul Ball, location: 2F
2-1: Foul Ball, location: 2F
2-2: Strikes out looking
Batting: RHB Josh Martin 0-0: Ground out 4-3 (Groundball, 4, EV 88.8 MPH)
Top of the 7th over - 0 runs, 0 hits, 0 errors, 1 left on base; Lexington 1 - Delmarva 10
BOTTOM OF THE 7TH
Delmarva Shorebirds batting - Pitching for Lexington Legends : LHP Ken Milhouse
Batting: RHB Julio Ehm 0-0: Ball
1-0: Called Strike
1-1: Called Strike
1-2: Foul Ball, location: 2F
1-2: Ball
2-2: Ground out 6-3 (Groundball, 6M, EV 105.6 MPH)
Pitching: RHP Brian Straub
Batting: LHB Andrew Erens 0-0: Ball
1-0: Called Strike
1-1: Ball
2-1: Ball
3-1: Base on Balls
Batting: SHB Ryan Palermo 0-0: Ball
1-0: SINGLE (Line Drive, 4MD, EV 99.4 MPH)
Andrew Erens to second
Batting: LHB Pat Shaddock 0-0: Ball
1-0: Ball
2-0: Ball
3-0: Called Strike
3-1: Foul Ball, location: 2F
3-2: Foul Ball, location: 2F
3-2: Foul Ball, location: 2F
3-2: Base on Balls
Andrew Erens to third
Ryan Palermo to second
Batting: LHB Raul Rojas 0-0: Ball
1-0: Called Strike
1-1: Swinging Strike
1-2: Strikes out looking
Pitching: RHP Austin Aubuchon
Batting: RHB Francisco Viera 0-0: Ball
1-0: Swinging Strike
1-1: Ball
2-1: Ball
3-1: Swinging Strike
3-2: Foul Ball, location: 2F
3-2: Foul Ball, location: 2F
3-2: Strikes out swinging
Bottom of the 7th over - 0 runs, 1 hit, 0 errors, 3 left on base; Lexington 1 - Delmarva 10
TOP OF THE 8TH
Lexington Legends batting - Pitching for Delmarva Shorebirds : LHP John Dyer
Batting: LHB Josh Moore 0-0: Ball
1-0: Swinging Strike
1-1: Ball
2-1: Called Strike
2-2: Foul Ball, location: 2F
2-2: Ball
3-2: Base on Balls
Pitching: RHP Brian Tarver
Batting: RHB Andy Urquhart 0-0: Called Strike
0-1: Called Strike
0-2: Strikes out swinging
Pinch Hitting: LHB Robby Diaz 0-0: Called Strike
0-1: Foul Ball, location: 2F
0-2: Ball
1-2: Foul Ball, location: 2F
1-2: Strikes out swinging
Batting: SHB Jared O'Connor 0-0: Swinging Strike
0-1: Ball
1-1: Ball
2-1: Foul Ball, location: 2F
2-2: Foul Ball, location: 2F
2-2: Strikes out swinging
Top of the 8th over - 0 runs, 0 hits, 0 errors, 1 left on base; Lexington 1 - Delmarva 10
BOTTOM OF THE 8TH
Delmarva Shorebirds batting - Pitching for Lexington Legends : RHP Austin Aubuchon
Now at 2B: Jared O'Connor
Now at 3B: Josh Martin
Now in LF: Jason Anaya
Now in CF: Robby Diaz
Batting: RHB Dan Staggs 0-0: Ball
1-0: Ball
2-0: Ball
3-0: Base on Balls
Batting: RHB Jordan Wallace 0-0: Called Strike
Passed Ball!
Dan Staggs to second
0-1: Ball
1-1: Foul Ball, location: 2F
1-2: Strikes out swinging
Batting: LHB Momoru Yasui 0-0: Foul Ball, location: 2F
0-1: SINGLE (Groundball, 4D, EV 105.6 MPH)
Dan Staggs to third
Runner from 3rd tries for Home, throw by CF and OUT! 8-2
Pitching: RHP John Stein
Batting: RHB Julio Ehm 0-0: Ball
1-0: Called Strike
1-1: Swinging Strike
1-2: Ball
2-2: Strikes out swinging
Bottom of the 8th over - 0 runs, 1 hit, 0 errors, 1 left on base; Lexington 1 - Delmarva 10
TOP OF THE 9TH
Lexington Legends batting - Pitching for Delmarva Shorebirds : RHP Brian Tarver
Batting: SHB Jason Anaya 0-0: Foul Ball, location: 2F
0-1: Ball
1-1: SINGLE (Flyball, 78S, EV 85.0 MPH)
Batting: LHB Ho-win Zhou 0-0: Swinging Strike
0-1: Ball
1-1: Called Strike
1-2: Ball
2-2: Strikes out swinging
Batting: RHB Kevin Roseen 0-0: Called Strike
0-1: Ball
1-1: Ball
2-1: Ball
3-1: Called Strike
3-2: Foul Ball, location: 2F
3-2: Fly out, F8 (Flyball, 8RXD, EV 108.8 MPH)
Batting: RHB Alex Cid 0-0: Foul Ball, location: 2F
0-1: Ball
1-1: Ball
2-1: Ball
3-1: Fly out, F6 (Popup, 5D, EV 48.8 MPH)
Top of the 9th over - 0 runs, 1 hit, 0 errors, 1 left on base; Lexington 1 - Delmarva 10
Thursday, March 31st , 2022 - OOTP Baseball 22.12 Build 89